 Dungeon Crawl Stone Soup version 0.31-a0-986-g5e6e4ef867 (webtiles) character file.

Game seed: 13798224524275224510

84 LeprechaunX the Changeling (level 4, -1/29 HPs)
             Began as an Octopode Shapeshifter on Nov 22, 2023.
             Slain by an orc
             ... wielding a +0 dagger
              (3 damage)
             ... on level 3 of the Dungeon.
             The game lasted 00:02:09 (1877 turns).

LeprechaunX the Changeling (Octopode Shapeshifter)  Turns: 1877, Time: 00:02:09

Health: -1/29      AC:  1    Str: 13    XL:     4   Next: 46%
Magic:  4/4        EV: 13    Int: 18    God:
Gold:   135        SH:  0    Dex: 13    Spells: 3/3 levels left

rFire   . .          .
                       - Unarmed
rCold   . . .        (no shield)
rNeg    + . .        (helmet currently unavailable)
rPois   .            n - amulet of regeneration
rElec   .            e - ring of positive energy
rCorr   .            r - +6 ring of intelligence
SInv    .            (no ring)
Will    .....        (no ring)
Stlth   ++           (no ring)
HPRegen 1.04/turn    (no ring)
MPRegen 0.09/turn    (no ring)
                     (no ring)

%: no passive effects
@: lethally poisoned (-1 -> -2), beast-form
A: beast (slay +2), almost no armour, amphibious, 8 rings, camouflage 1,
gelatinous body 1, (nimble swimmer 1), tentacles
a: Begin Untransformation


You were on level 3 of the Dungeon.
You were a hulking beast.
You visited 1 branch of the dungeon, and saw 3 of its levels.

You collected 135 gold pieces.

Inventory:

Jewellery
 e - a ring of positive energy (left tentacle)
 n - an amulet of regeneration (around mantle)
 r - a +6 ring of intelligence (right tentacle)
Talismans
 b - a beast talisman
 c - a flux talisman
Scrolls
 f - a scroll of teleportation {unknown}
 i - a scroll of poison {unknown}
 j - 3 scrolls of identify {unknown}
 l - a scroll of immolation {unknown}
 o - a scroll of torment {unknown}
 p - a scroll of butterflies {unknown}
Potions
 a - a potion of lignification
 d - a potion of resistance {unknown}
 g - a potion of might {unknown}
 h - 2 potions of heal wounds {unknown}
 k - 2 potions of curing {unknown}
 m - 2 potions of attraction {unknown}
 q - a potion of degeneration {unknown}


   Skills:
 + Level 2.1 Fighting
 - Level 2.0 Dodging
 + Level 3.5 Unarmed Combat
 * Level 4.0 Shapeshifting


You had 3 spell levels left.
You didn't know any spells.
Your spell library contained the following spells:

 Spells                   Type           Power      Damage    Failure   Level
 Magic Dart               Conj           0%         1d3       22%         1
 Scorch                   Fire           0%         2d5       32%         2
 Searing Ray              Conj           0%         2d4       32%         2
 Gell's Gravitas          Tloc           0%         N/A       54%         3
 Teleport Other           Tloc           0%         N/A       54%         3
 Flame Wave               Conj/Fire      0%         2d4       91%         4
 Fulminant Prism          Conj/Hex       0%         3d5       91%         4
 Dispersal                Tloc           0%         N/A       100%        6
 Summon Cactus Giant      Summ           0%         N/A       100%        6


Dungeon Overview and Level Annotations

Branches:
Dungeon (3/15)

Altars:


Innate Abilities, Weirdness & Mutations

You are a hulking beast.
Your limbs bulge with bestial killing power. (Slay +2)
You cannot wear most types of armour.
You are amphibious.
You can wear up to eight rings at the same time.
Your skin changes colour to match your surroundings (Stealth+).
Your rubbery body absorbs attacks. (AC +1, EV +1)
((You are camouflaged when in or above water. (Stealth+)))
You have tentacles for arms and can constrict up to eight enemies at once.


Message History

A hobgoblin comes into view. 2 orcs come into view.
The orc shouts! x3; You hear a shout!
An adder comes into view.
You tentacle-slap the orc but do no damage.
Your grab misses the orc.
An orc comes into view. It is wielding a +0 dagger.
The orc hits you but does no damage.
You tentacle-slap the orc but do no damage.
Your grab misses the orc. The orc hits you with a +0 mace.
You tentacle-slap the orc. Your grab misses the orc.
The orc is moderately wounded.
The hobgoblin hits you.
You tentacle-slap the orc. You grab the orc.
The orc is almost dead.
You constrict the orc.
You kill the orc!
The orc hits you with a +0 dagger. x2; The hobgoblin barely misses you.
The adder barely misses you.
You tentacle-slap the orc but do no damage.
You grab the orc. You squeeze the orc.
The orc is lightly wounded.
You constrict the orc. The orc hits you with a +0 dagger. x2
The hobgoblin barely misses you. The adder bites you.
You are poisoned.
The adder poisons you!
Unknown command.
You release your grip on the orc.
You feel sick. The adder bites you.
* * * LOW HITPOINT WARNING * * *
The orc attacks as it pursues you! The orc hits you with a +0 dagger.
* * * LOW HITPOINT WARNING * * *
You feel sick. The adder attacks as it pursues you! The adder bites you.
* * * LOW HITPOINT WARNING * * *
You are more poisoned.
The adder poisons you!
Unknown command.
You bludgeon the adder! Your grab misses the adder.
The adder is severely wounded.
You feel sick. The adder barely misses you. The orc hits you with a +0 dagger.
You die...

#...#.#.......##.
#.###........<.....
#.#......#.....##..
########[..###........##.#
.........#####†#......##..
##.....................)).
......................##..
....$.ogo.....###.....##..
.......oSh................
##......#.................
....!......##.##....#.....
..........###....#######<.
......##... ###..# #..
##..## ##... ... ##. #..
..... .. .. .. #.#... ...
.###


You could see an adder, 3 orcs and a hobgoblin.

Vanquished Creatures
  3 adders
  A worm (D:2)
  2 dart slugs
  2 orcs (D:3)
  4 ball pythons
  4 endoplasms (D:2)
  2 giant cockroaches
  5 goblins
  4 hobgoblins
  3 kobolds
  4 quokkas
  5 bats
  A frilled lizard (D:2)
  5 rats
45 creatures vanquished.

Notes
Turn   | Place    | Note
-------+----------+-------------------------------------------
     0 | D:1      | LeprechaunX the Octopode Shapeshifter began the quest for
                  | the Orb.
     0 | D:1      | Reached XP level 1. HP: 13/13 MP: 1/1
   272 | D:1      | Reached XP level 2. HP: 18/18 MP: 2/2
   632 | D:1      | Found a faded altar of an unknown god.
  1100 | D:2      | Reached XP level 3. HP: 22/24 MP: 3/3
  1785 | D:3      | Reached XP level 4. HP: 29/29 MP: 4/4
  1859 | D:3      | Reached skill level 4 in Shapeshifting
  1877 | D:3      | Slain by an orc

Illustrated notes

Levels and vault maps discovered:
D:1:      matt_arrival_grand_opening, layout_basic,
          hellmonk_ecumenical_altar_heavens_door
D:2:      minmay_razor_zed, layout_loops_ring
D:3:      layout_rooms, mainiacjoe_overflow_alcove_4

Skill      XL: |  1  2  3  4 |
---------------+-------------+-----
Fighting       | 2 |  2.1
Shapeshifting  | 4 |  4.0
Dodging        | |  2.0
Unarmed Combat | |  3.5

Action                     |  1- 3 |  4- 6 || total
---------------------------+-------+-------++-------
  Melee: Unarmed           |    57 |    15 ||    72
         Constrict         |    17 |     5 ||    22
         Tentacles         |    15 |     3 ||    18
         Punch             |     3 |     1 ||     4
   Stab: Sleeping          |     6 |     1 ||     7
 Armour: Skin              |    11 |    16 ||    27
  Dodge: Dodged            |    29 |     7 ||    36

Table legend: (Time is in decaauts)
 A = Elapsed time spent in this place.
 B = Non-inter-level travel time spent in this place.
 C = Inter-level travel time spent in this place.
 D = Time resting spent in this place.
 E = Time spent auto-exploring this place.
 F = Levels seen in this place.
 G = Mean time per level.
                   A        B        C        D        E       F      G
               +--------+--------+--------+--------+--------+-----+--------+
         Total |   1871 |   1763 |    108 |      0 |   1520 |   3 |  623.7 |
       Dungeon |   1871 |   1763 |    108 |      0 |   1520 |   3 |  623.7 |
               +--------+--------+--------+--------+--------+-----+--------+

Top non-repeatable levels by time:
     D:1: 980 daAuts
     D:2: 796 daAuts
     D:3: 95 daAuts
